 Dungeon Crawl Stone Soup version 0.16.2-3-ga078185 (webtiles) character file.

56 gorblad the Ruffian (level 3, -2/34 HPs)
             Began as a Minotaur Monk on Sept 6, 2015.
             Killed from afar by DizzySkin's ghost (5 damage)
             ... with a flame tongue
             ... on level 3 of the Dungeon.
             The game lasted 00:13:03 (2026 turns).

gorblad the Ruffian (Minotaur Monk)                 Turns: 2026, Time: 00:13:03

Health: -2/34      AC:  2    Str: 15    XL:     3   Next: 71%
Magic:  2/2        EV: 13    Int:  7    God:
Gold:   129        SH:  0    Dex: 13    Spells: 0 memorised, 2 levels left

rFire  . . .     SeeInvis .       - Unarmed
rCold  . . .     Clarity  .     s - +0 robe
rNeg   . . .     SustAb   .     (no shield)
rPois  .         Gourm    .     (helmet restricted)
rElec  .         Spirit   .     (no cloak)
rCorr  .         Warding  .     (no gloves)
rMut   .         Stasis   .     (no boots)
MR     .....                    (no amulet)
Stlth  ++........               (no ring)
                                (no ring)

@: not resistant to hostile enchantments, unstealthy
A: retaliatory headbutt, horns 2
a: no special abilities


You were on level 3 of the Dungeon.
You were not hungry.

You visited 1 branch of the dungeon, and saw 3 of its levels.

You collected 129 gold pieces.

Inventory:

Hand weapons
 e - a +0 whip
Missiles
 f - 17 stones (quivered)
Armour
 a - a +0 robe
 k - a +0 ring mail
 s - a +0 robe (worn)
Jewellery
 m - a +4 ring of intelligence {unknown}
Scrolls
 c - a scroll of fog {unknown}
 d - a scroll of immolation {unknown}
 h - 4 scrolls of remove curse {unknown}
 i - 2 scrolls of amnesia {unknown}
 j - a scroll of recharging {unknown}
 n - 2 scrolls of teleportation {unknown}
 p - a scroll of magic mapping {unknown}
 r - 2 scrolls of identify {unknown}
 t - a scroll of random uselessness {unknown}
Potions
 b - a potion of poison {unknown}
 l - a potion of ambrosia {unknown}
 o - a potion of agility {unknown}
 q - a potion of might {unknown}
 v - a potion of curing {unknown}
 w - a potion of cure mutation
Comestibles
 g - 2 beef jerkies
 u - a meat ration


   Skills:
 + Level 4.4 Fighting
 + Level 3.7 Dodging
 + Level 2.3 Stealth
 + Level 4.6 Unarmed Combat


You had 2 spell levels left.
You didn't know any spells.

Dungeon Overview and Level Annotations

Branches:
Dungeon (3/15)

Altars:
Yredelemnul

Annotations:
D:3 DizzySkin's ghost, weakling GrFE


Innate Abilities, Weirdness & Mutations

You reflexively headbutt those who attack you in melee.
You have a pair of horns on your head.


Message History

You closely miss DizzySkin's ghost.
DizzySkin's ghost is moderately damaged.
DizzySkin's ghost misses you.
You hit DizzySkin's ghost but do no damage.
Your headbutt misses DizzySkin's ghost.
DizzySkin's ghost is moderately damaged.
DizzySkin's ghost hits you.
You hit DizzySkin's ghost but do no damage.
DizzySkin's ghost is moderately damaged.
DizzySkin's ghost hits you but does no damage.
You closely miss DizzySkin's ghost.
DizzySkin's ghost is moderately damaged.
DizzySkin's ghost casts a spell at you. The flame tongue hits you!
* * * LOW HITPOINT WARNING * * *
You are too injured to fight recklessly!
It was a potion of cure mutation.
It has a very clean taste.
DizzySkin's ghost casts a spell at you. The flame tongue hits you!
You die...

#+ #.## ###.#+##...
#.......... #..........
+.......... #..........
##+###..........
########...............
#....W@'...............
#.######...............
#.............##
#......########.
#......# ##♣. ########
#... #.<. #†.. ##♣.


You could see DizzySkin's ghost.

Vanquished Creatures
  An adder (D:2)
  2 giant cockroaches
  2 gnoll zombies (D:2)
  6 goblins
  5 hobgoblins
  4 jackals
  6 kobolds
  2 ball pythons
  9 bats
  3 giant geckos
  3 giant newts (D:1)
  2 rats
45 creatures vanquished.

Notes
Turn   | Place    | Note
--------------------------------------------------------------
     0 | D:1      | gorblad, the Minotaur Monk, began the quest for the Orb.
     0 | D:1      | Reached XP level 1. HP: 19/19 MP: 1/1
   284 | D:1      | Reached XP level 2. HP: 20/27 MP: 1/1
  1073 | D:2      | Reached XP level 3. HP: 33/33 MP: 2/2
  1574 | D:2      | Found a basalt altar of Yredelemnul.
  2009 | D:3      | Noticed DizzySkin's ghost (weakling GrFE)
  2026 | D:3      | Killed from afar by DizzySkin's ghost

Action                   || total
-------------------------++-------
Melee: Unarmed           ||    75
Throw: Stone             ||     7
  Use: Potion            ||     1
 Stab: Sleeping          ||     3
  Eat: Bread ration      ||     1
